 Dungeon Crawl Stone Soup version 0.28.0-47-ge53b351184 (webtiles) character file.

Game seed: 12275491303071648893

10079 RatsInWalls the Cleaver (level 11, 64/103 HPs)
             Began as a Deep Dwarf Fighter on May 8, 2022.
             Was an Elder of Makhleb.
             Quit the game on level 10 of the Dungeon.
             The game lasted 00:25:57 (8801 turns).

RatsInWalls the Cleaver (Deep Dwarf Fighter)        Turns: 8801, Time: 00:25:58

Health: 64/103     AC: 22    Str: 31    XL:     11   Next: 31%
Magic:  10/10      EV:  7    Int:  8    God:    Makhleb [****..]
Gold:   830        SH:  6    Dex: 12    Spells: 10/10 levels left

rFire   . . .      SeeInvis .   a - +0 war axe (drain)
rCold   . . .      Faith    .   c - +0 buckler
rNeg    . . .      Spirit   .   E - +0 plate armour
rPois   .          Reflect  .   (no helmet)
rElec   .          Harm     .   s - +0 cloak
rCorr   .          Rampage  .   b - +0 pair of gloves
Will    +....                   K - +0 pair of boots
Stlth   ..........              (no amulet)
HPRegen 0.00/turn               o - +6 ring of strength
MPRegen 0.12/turn               x - +4 ring of protection

@: slowed, very slow
A: damage resistance, heal wounds, sense surroundings 2, no regeneration
a: Heal Wounds, Renounce Religion, Minor Destruction, Lesser Servant of Makhleb,
Major Destruction


You were on level 10 of the Dungeon.
You worshipped Makhleb.
Makhleb was greatly pleased with you.
You visited 2 branches of the dungeon, and saw 11 of its levels.
You also visited: Sewer and Ossuary.

You collected 830 gold pieces.

Inventory:

Hand Weapons
 a - a +0 war axe of draining (weapon)
 h - a +1 hand axe of flaming
Missiles
 l - a javelin
 n - 14 boomerangs (quivered)
 L - 2 throwing nets
Armour
 b - a +0 pair of gloves (worn)
 c - a +0 buckler (worn)
 f - a +2 scale mail of cold resistance
 s - a +0 cloak (worn)
 E - a +0 plate armour (worn)
 K - a +0 pair of boots (worn)
Jewellery
 o - a +6 ring of strength (left hand)
 v - a ring of see invisible
 x - a +4 ring of protection (right hand)
 Q - an amulet of faith
Wands
 k - a wand of paralysis (7)
 G - a wand of polymorph (4)
 O - a wand of mindburst (5)
 T - a wand of acid (6)
Scrolls
 e - 7 scrolls of teleportation
 i - 2 scrolls of fear
 j - 4 scrolls of vulnerability
 r - a scroll of enchant weapon {unknown}
 u - a scroll of fog {unknown}
 w - 2 scrolls of brand weapon
 y - 3 scrolls of blinking {unknown}
 B - 3 scrolls of summoning
 I - a scroll of magic mapping {unknown}
 J - 3 scrolls of immolation
 M - a scroll of silence {unknown}
 R - 3 scrolls of holy word
Potions
 d - a potion of might
 g - 3 potions of lignification
 m - 4 potions of flight
 p - 5 potions of curing
 q - a potion of ambrosia
 t - a potion of mutation
 z - 2 potions of invisibility
 A - 2 potions of haste
 C - 3 potions of brilliance
 D - 2 potions of cancellation
 F - a potion of resistance
 H - 3 potions of heal wounds
 N - a potion of attraction {unknown}
 P - a potion of magic {unknown}
 S - 3 potions of berserk rage


   Skills:
 + Level 7.9 Fighting
 + Level 9.9 Axes
 + Level 9.4 Armour
 + Level 9.4 Shields
 + Level 9.4 Invocations


You had 10 spell levels left.
You didn't know any spells.
Your spell library contained the following spells:

 Spells                   Type           Power      Damage    Failure   Level
 Animate Skeleton         Necr           0%         N/A       98%         1
 Apportation              Tloc           0%         N/A       98%         1
 Beastly Appendage        Tmut           0%         N/A       98%         1
 Foxfire                  Conj/Fire      0%         2x1d4     98%         1
 Freeze                   Ice            0%         1d3       98%         1
 Pain                     Necr           0%         1d4       98%         1
 Slow                     Hex            0%         N/A       98%         1
 Sting                    Tmut/Pois      0%         1d3       98%         1
 Summon Small Mammal      Summ           0%         N/A       98%         1
 Ensorcelled Hibernation  Hex/Ice        0%         N/A       99%         2
 Passwall                 Tmut/Erth      0%         N/A       99%         2
 Poisonous Vapours        Pois/Air       0%         N/A       99%         2
 Wereblood                Tmut           0%         N/A       99%         2
 Confusing Touch          Hex            0%         N/A       100%        3
 Conjure Flame            Conj/Fire      0%         6-21      100%        3
 Frozen Ramparts          Ice            0%         1d2       100%        3
 Ignite Poison            Fire/Tmut/Pois 0%         N/A       100%        3
 Inner Flame              Hex/Fire       0%         N/A       100%        3
 Mephitic Cloud           Conj/Pois/Air  0%         N/A       100%        3
 Ozocubu's Armour         Ice            0%         N/A       100%        3
 Spider Form              Tmut/Pois      0%         N/A       100%        3
 Swiftness                Air            0%         N/A       100%        3
 Vampiric Draining        Necr           0%         2d6       100%        3
 Anguish                  Hex/Necr       0%         N/A       100%        4
 Cause Fear               Hex            0%         N/A       100%        4
 Flame Wave               Conj/Fire      0%         2d4       100%        4
 Hailstorm                Conj/Ice       0%         3d3       100%        4
 Olgreb's Toxic Radiance  Pois           0%         N/A       100%        4
 Agony                    Necr           0%         N/A       100%        5
 Excruciating Wounds      Necr           0%         N/A       100%        5
 Freezing Cloud           Conj/Ice/Air   0%         6-21      100%        5
 Metabolic Englaciation   Hex/Ice        0%         N/A       100%        5
 Simulacrum               Ice/Necr       0%         N/A       100%        6
 Dragon Form              Tmut           0%         N/A       100%        7
 Dragon's Call            Summ           0%         N/A       100%        9


Dungeon Overview and Level Annotations

Branches:
Dungeon (10/15)            Temple (1/1) D:4            Lair (0/6) D:10
    Orc (0/2) D:9           Sewer (visited)         Ossuary (visited)

Altars:
Ashenzari
Cheibriados
Dithmenos
Elyvilon
Fedhas
Gozag
Hepliaklqana
Kikubaaqudgha
Makhleb
Nemelex Xobeh
Okawaru
Qazlal
Ru
Sif Muna
Trog
Vehumet
Wu Jian
Xom
Yredelemnul
Zin
The Shining One

Shops:
D:3 :

Annotations:
D:2 1 runed translucent door, Crazy Yiuf
D:4 3 runed translucent doors, Buttercup's ghost, novice HuCj


Innate Abilities, Weirdness & Mutations

You are resistant to damage.
You can heal yourself by infusing magical energy.
You passively map the area around you.
You do not regenerate.


Message History

You barely miss the wraith.
The wraith is severely damaged.
The wraith hits you but does no damage. x2
You hit the wraith but do no damage.
The wraith is severely damaged.
The wraith closely misses you.
You barely miss the wraith.
The wraith is severely damaged.
The wraith hits you. The wraith drains your vigour!
You feel as though you will be slow longer.
The wraith hits you. The wraith drains your vigour!
You feel as though you will be slow longer.
You barely miss the wraith.
The wraith is severely damaged.
You block the wraith's attack.
You hit the wraith but do no damage.
The wraith is severely damaged.
The wraith hits you but does no damage. The wraith hits you.
The wraith drains your vigour!
You feel as though you will be slow longer.
You hit the wraith but do no damage.
The wraith is severely damaged.
The wraith hits you but does no damage.
You hit the wraith.
The wraith is severely damaged.
The wraith hits you. You block the wraith's attack.
You closely miss the wraith.
The wraith is severely damaged.
The wraith hits you but does no damage.
You barely miss the wraith.
The wraith is severely damaged.
The wraith completely misses you. The wraith hits you but does no damage.
You hit the wraith.
The wraith is almost destroyed.
The wraith hits you but does no damage. You block the wraith's attack.
You slash the wraith!
You destroy the wraith!
Makhleb accepts your kill.
No target in view!
Are you sure you want to abandon this character and quit the game? (Confirm with "yes".)

#.# #.≈.♣....§...# #.#
#§≈.♣._.♣.≈..#
####.#####§≈.....♣.≈..#
..........§§.♣♣♣♣♣.≈..#
#########..§§§§....≈..#
##§≈§≈§≈≈≈≈≈..#
#..§.§.......# #### *
*########....$# ....
.......@.##### ###.
....###### *, . , ,, ,
, ,, * , , ,, ### ,,
... , , ### ** *


There were no monsters in sight!

Vanquished Creatures
  Erolcha (D:9)
  4 two-headed ogres
  Joseph (D:9)
  Sigmund (D:6)
  2 wraiths
  4 yaks (D:10)
  3 steam dragons
  Edmund (D:5)
  3 water moccasins
  A sky beast (D:6)
  6 orc warriors
  A swamp drake (D:9)
  A black bear (D:3)
  A hornet zombie (D:5)
  3 ice beasts
  3 ogres
  2 necrophages
  6 centaurs
  2 phantoms (D:5)
  3 kobold brigands
  Blork the orc (D:5)
  3 bullfrogs (D:7)
  A wyvern zombie (D:7)
  A wight (D:8)
  4 killer bees (D:8)
  A howler monkey (D:8)
  2 centaur skeletons
  2 jellies
  2 centaur zombies
  3 hounds
  6 orc priests
  An iguana (D:6)
  Terence (D:2)
  Natasha (thrice) (D:2)
  8 orc wizards
  2 hell rats (D:7)
  2 killer bee zombies
  A hound skeleton (D:5)
  A mummy (Ossuary)
  6 gnolls (D:2)
  5 adders
  9 river rats
  3 white imps
  A worm (D:4)
  A dart slug (D:1)
  29 orcs
  2 spectral bats (Ossuary)
  12 bats
  2 bat simulacra (Ossuary)
  8 endoplasms
  7 giant cockroaches
  5 goblins
  6 hobgoblins
  3 jackals (D:2)
  21 kobolds
  13 quokkas
  11 ball pythons
  2 frilled lizards (D:3)
  12 gnoll zombies (Ossuary)
  8 goblin zombies
  A hobgoblin zombie (Ossuary)
  2 kobold simulacra (Ossuary)
  5 kobold zombies (Ossuary)
  5 orc zombies (Ossuary)
  18 rats
  6 rat simulacra (Ossuary)
  A rat zombie (D:7)
  3 spectral goblins (Ossuary)
  3 spectral kobolds (Ossuary)
  3 spectral rats (Ossuary)
307 creatures vanquished.

Vanquished Creatures (collateral kills)
  A centaur warrior (D:8)
  A bullfrog (D:8)
2 creatures vanquished.

Vanquished Creatures (others)
  An orc wizard (D:9)
  An orc (D:5)
  A fungus (Sewer)
  30 plants
33 creatures vanquished.

Grand Total: 342 creatures vanquished

Notes
Turn   | Place    | Note
-------+----------+-------------------------------------------
     0 | D:1      | RatsInWalls the Deep Dwarf Fighter began the quest for the
                  | Orb.
     0 | D:1      | Reached XP level 1. HP: 20/20 MP: 1/1
   273 | D:1      | Reached XP level 2. HP: 22/27 MP: 2/2
   562 | D:2      | Reached XP level 3. HP: 19/33 MP: 3/3
   707 | D:2      | Reached XP level 4. HP: 33/42 MP: 4/4
   855 | D:2      | Noticed Natasha
   861 | D:2      | Killed Natasha
   884 | D:2      | Reached XP level 5. HP: 44/49 MP: 4/4
   981 | D:2      | Noticed Terence
   994 | D:2      | Killed Terence
  1013 | D:2      | Noticed Natasha
  1033 | D:2      | Killed Natasha
  1041 | D:2      | Noticed Natasha
  1048 | D:2      | Killed Natasha
  1271 | D:2      | Found a runed translucent door.
  1272 | D:2      | Noticed Crazy Yiuf
  1622 | D:3      | Found Yniwaex's Book Boutique.
  1630 | D:3      | Noticed a black bear
  1642 | D:3      | Killed a black bear
  1643 | D:3      | Reached skill level 5 in Axes
  1643 | D:3      | Reached XP level 6. HP: 52/57 MP: 5/5
  1664 | D:3      | Found a faded altar of an unknown god.
  2070 | D:4      | Found an opulent altar of Gozag.
  2125 | D:4      | Found a runed translucent gate.
  2125 | D:4      | Found a runed translucent gate.
  2126 | D:4      | Found a runed translucent gate.
  2130 | D:4      | Noticed Buttercup's ghost (novice HuCj)
  2228 | D:4      | Found a glowing drain.
  2246 | Sewer    | Entered a sewer
  2462 | Sewer    | Reached XP level 7. HP: 34/63 MP: 6/6
  2675 | D:4      | Found an ancient bone altar of Kikubaaqudgha.
  2729 | D:4      | Found a staircase to the Ecumenical Temple.
  2796 | Temple   | Entered the Ecumenical Temple
  2942 | Temple   | Became a worshipper of Makhleb the Destroyer
  2979 | D:4      | Reached skill level 5 in Armour
  2979 | D:4      | Reached skill level 5 in Shields
  2979 | D:4      | Reached skill level 1 in Invocations
  3362 | D:5      | Entered Level 5 of the Dungeon
  3441 | D:5      | Found a bloodstained altar of Trog.
  3566 | D:5      | Noticed an angel
  3567 | D:5      | Found a shimmering altar of Xom.
  3568 | D:5      | Found a glowing silver altar of Zin.
  3591 | D:5      | Identified the +1 leather armour of Ru's Pride {Int+5}
  3610 | D:5      | Reached XP level 8. HP: 43/73 MP: 5/5
  3674 | D:5      | Noticed Edmund
  3696 | D:5      | Killed Edmund
  3731 | D:5      | Noticed Blork the orc
  3748 | D:5      | Killed Blork the orc
  3820 | D:5      | Found a blossoming altar of Fedhas.
  4002 | D:5      | Found a shadowy altar of Dithmenos.
  4049 | D:5      | Reached skill level 5 in Fighting
  4056 | D:6      | Reached * piety under Makhleb
  4371 | D:6      | Noticed Sigmund
  4382 | D:6      | Killed Sigmund
  4383 | D:6      | Reached skill level 5 in Invocations
  4383 | D:6      | Gained mutation: You passively map the area around you.
                  | [Deep Dwarf growth]
  4383 | D:6      | Reached XP level 9. HP: 52/81 MP: 5/5
  4969 | D:7      | Reached ** piety under Makhleb
  5328 | D:7      | Found a sand-covered staircase.
  5340 | Ossuary  | Entered an ossuary
  5360 | Ossuary  | Reached *** piety under Makhleb
  5598 | Ossuary  | Reached **** piety under Makhleb
  5841 | D:7      | Found a white marble altar of Elyvilon.
  6273 | D:8      | You fall into a shaft and drop 2 floors!
  6273 | D:10     | Entered Level 10 of the Dungeon
  6300 | D:10     | Reached XP level 10. HP: 87/92 MP: 7/7
  6338 | D:10     | Found a staircase to the Lair.
  6399 | D:9      | Noticed Joseph
  6416 | D:9      | Killed Joseph
  6682 | D:8      | Noticed a two-headed ogre
  6685 | D:8      | Noticed a two-headed ogre
  6693 | D:8      | Killed a two-headed ogre
  6694 | D:8      | Killed a two-headed ogre
  6803 | D:8      | Found a sacrificial altar of Ru.
  6805 | D:8      | Noticed a centaur warrior
  6817 | D:8      | Killed a centaur warrior
  7075 | D:8      | Found a sparkling altar of Nemelex Xobeh.
  7259 | D:8      | Noticed a two-headed ogre
  7272 | D:8      | Killed a two-headed ogre
  7323 | D:8      | Reached XP level 11. HP: 62/100 MP: 9/9
  7834 | D:9      | Noticed Erolcha
  7881 | D:9      | Killed Erolcha
  7884 | D:9      | Found a staircase to the Orcish Mines.
  8197 | D:9      | Noticed a two-headed ogre
  8205 | D:9      | Killed a two-headed ogre
  8215 | D:9      | Found a snail-covered altar of Cheibriados.
  8760 | D:10     | Found a broken altar of Ashenzari.
  8801 | D:10     | Quit the game

Illustrated notes

Levels and vault maps discovered:
D:1:      psy_arrival_terrarium, layout_basic
D:2:      wad_woods_settlement, layout_basic, uniq_terence, uniq_natasha,
          uniq_crazy_yiuf_cottage
D:3:      layout_basic, serial_shops, nicolae_diamond_shop,
          ebering_ecumenical_altar_box
D:4:      layout_basic, lemuel_coloured_pillars_altar, grunt_gozag_breadcrumbs,
          temple_statues, portal_sewer_entry_a, gammafunk_ghost_necromancy,
          kennysheep_generic_room_15
D:5:      layout_cave_pools, grunt_temple_overflow_order_and_chaos_1,
          mainiacjoe_overflow_surrounded_room, old_standard_altar,
          nicolae_overflow_crystal_walls, grunt_ministairs_1, uniq_edmund,
          uniq_blork_the_orc
D:6:      layout_loops_cross, minmay_puff, uniq_sigmund
D:7:      lemuel_ratsnest, layout_gridville, amcnicky_altar_gilded,
          enter_ossuary_4
D:8:      minmay_razor_zed, layout_layer_cave, overflow_temple_1_default,
          nemelex_diamond_rough_becter
D:9:      layout_loops_cross, lemuel_crystal_altar, erik_orc_1, uniq_joseph,
          uniq_erolcha
D:10:     layout_long_grid, kennysheep_mini_moat, mainiacjoe_overflow_brackets,
          lair_entry_dummy, uniq_harold
Temple:   nicolae_temple_figure_zero

Skill      XL: |  1  2  3  4  5  6  7  8  9 10 11 |
---------------+----------------------------------+-----
Axes           | 3 4 5 6 7 8 9 |  9.9
Fighting       | 3 4 5 6 7 |  7.9
Shields        | 4 5 6 7 9 |  9.4
Armour         | 4 5 6 7 9 |  9.4
Invocations    | 3 5 7 8 9 |  9.4

Action                   |  1- 3 |  4- 6 |  7- 9 | 10-12 || total
-------------------------+-------+-------+-------+-------++-------
Melee: War axe           |    64 |   199 |   527 |   207 ||   997
Throw: Javelin           |       |       |     2 |       ||     2
       Boomerang         |       |       |     2 |       ||     2
Invok: Lesser Servant of |       |       |       |     2 ||     2
       Major Destruction |       |       |       |     2 ||     2
 Abil: Heal Wounds       |     1 |     3 |     9 |     1 ||    14
Evoke: Wand              |       |       |     1 |       ||     1
  Use: Scroll            |       |       |    17 |     2 ||    19
       Potion            |       |       |       |     7 ||     7
 Stab: Paralysed         |       |       |     5 |       ||     5
Armor: Scale mail        |    33 |    40 |    51 |       ||   124
       Chain mail        |       |    77 |    49 |       ||   126
       Plate armour      |       |       |   175 |   131 ||   306
Dodge: Dodged            |    32 |    85 |   157 |    64 ||   338
Block: Buckler           |    20 |    37 |   116 |    71 ||   244
